Cogmind - Beta 17 @@@ ROGUE MODE // 2026.07.07 @ 21:10:26 Player: star Result: Self-destructed Performance ------------- Evolutions (6) 3000 Regions Visited (15) 3000 Robots Destroyed (246) 1230 Value Destroyed (8773) 8773 Prototype IDs (27) 540 Alien Tech Used (0) 0 Bonus (3231) 3231 TOTAL SCORE: 19774 Bonus ------- High Alert Combat Kills 1767 Follower Combat Kills 464 Entered Garrisons 200 Used RIF Installer 500 Aligned with FarCom 300 Cogmind --------- Core Integrity 95/1150 Matter 193/300 Energy 77/100 System Corruption 10% Temperature Cool (0) Movement Core (100) Ox1 Location -4/Factory Parts ------- > --- POWER (1) -------- (None) > --- PROPULSION (4) --- (None) > --- UTILITY (10) ----- Improved Signal Interpreter > --- WEAPON (4) ------- Scythe Scythe > --- INVENTORY (5) ---- Medium Storage Unit Improved Hacking Suite Improved Component Analysis Suite Scythe Peak State ------------ > --- POWER ------------ Heavy Deuterium Engine > --- PROPULSION ------- Medium Treads Improved Medium Treads Flexi-carbon Leg Flexi-carbon Leg > --- UTILITY ---------- Medium Storage Unit Machine Analyzer Salvage Targeting Computer Hacking Suite Hacking Suite Authchip [R/Combat] > --- WEAPON ----------- AWS/Thermal Heavy Machine Gun Heavy Machine Gun > --- INVENTORY -------- Compact Matter Pod Improved Weapon Shielding Authchip [R/Combat] Relay Coupler [NC] Relay Coupler [Grunt] Heavy Assault Cannon Heavy Missile Launcher Long-range Missile Launcher Remote Datajack [Rating: 69] Favorites ----------- Power Heavy Ion Engine Engine Heavy Ion Engine Power Core Fusion Compressor Propulsion Armored Treads Treads Armored Treads Leg Improved Aluminum Leg Wheel Wheel Hover Unit Airjet Utility Hacking Suite Device System Restoration Module Storage Medium Storage Unit Processor Salvage Targeting Computer Hackware Hacking Suite Protection Reflective Plating Weapon Heavy Assault Cannon Energy Gun Wave Gun Energy Cannon Disruptor Cannon Ballistic Gun Enhanced Autogun Ballistic Cannon Heavy Assault Cannon Launcher Proton Missile Launcher Special Weapon Plasma Flamer Slashing Weapon Scythe Piercing Weapon Heavy Pick Build | -11 -10 -10 -10 -9 -8 -8 -8 -8 -8 -6 -6 -5 -5 -5 -4 ------- Run | Yrd Mat Min Exi Min Mat Gar Mat Sto Rec Fac Low Fac Upp Upp Fac Slots Evolved 12 | . . . . . 4 . . . . 4 . 2 . . 2 Power . | . . . . . . . . . . . . . . . . Propulsion 2 | . . . . . 2 . . . . . . . . . . Utility 8 | . . . . . 2 . . . . 2 . 2 . . 2 Weapon 2 | . . . . . . . . . . 2 . . . . . Parts Attached 116 | 7 6 1 . 3 18 6 7 1 3 25 2 18 13 2 4 Power 14 | 1 1 1 . . 3 . 1 . . 3 1 1 2 . . Engine 12 | 1 1 1 . . 3 . 1 . . 3 . 1 1 . . Core 2 | . . . . . . . . . . . 1 . 1 . . Reactor . | . . . . . . . . . . . . . . . . Propulsion 34 | 2 3 . . 1 7 2 2 . 2 9 . 2 3 1 . Treads 20 | . . . . . 2 2 2 . 2 7 . 2 3 . . Leg 7 | . 3 . . 1 . . . . . 2 . . . 1 . Wheel 2 | 2 . . . . . . . . . . . . . . . Hover 5 | . . . . . 5 . . . . . . . . . . Flight . | . . . . . . . . . . . . . . . . Utility 29 | 1 2 . . 1 4 . 1 1 1 4 1 7 6 . . Device 9 | . 1 . . . . . . . . 1 . 3 4 . . Storage 2 | 1 1 . . . . . . . . . . . . . . Processor 3 | . . . . . 1 . . . . 1 . 1 . . . Hackware 9 | . . . . . 2 . . 1 1 1 1 2 1 . . Protection 6 | . . . . 1 1 . 1 . . 1 . 1 1 . . Artifact . | . . . . . . . . . . . . . . . . Weapon 39 | 3 . . . 1 4 4 3 . . 9 . 8 2 1 4 Energy Gun 8 | 2 . . . . . . 1 . . . . 4 1 . . Energy Cannon 1 | . . . . . . . . . . . . 1 . . . Ballistic Gun 13 | 1 . . . 1 2 2 . . . 5 . 2 . . . Ballistic Cannon 3 | . . . . . . 1 . . . 2 . . . . . Launcher 6 | . . . . . 1 1 2 . . 1 . 1 . . . Special Weapon 3 | . . . . . 1 . . . . 1 . . 1 . . Impact Weapon . | . . . . . . . . . . . . . . . . Slashing Weapon 4 | . . . . . . . . . . . . . . . 4 Piercing Weapon 1 | . . . . . . . . . . . . . . 1 . Special Melee Weapon . | . . . . . . . . . . . . . . . . Unidentified Prototypes 4 | . . . . . 2 . . . . 1 . 1 . . . Corrupted Parts 7 | . . . . . . . . . . 1 . 1 5 . . System Corruption 37 | . . . . . . . . . . 2 . 2 33 . . Parts Lost 64 | . . 1 . 1 5 2 5 2 1 13 5 3 14 5 7 Power 7 | . . . . . . . 1 . 1 3 1 . 1 . . Propulsion 20 | . . . . . 3 1 2 2 . 6 . . 4 . 2 Utility 15 | . . . . . 1 . 2 . . . 1 1 5 4 1 Weapon 22 | . . 1 . 1 1 1 . . . 4 3 2 4 1 4 Highest Loss Streak 7 | . . 1 . 1 4 1 2 1 1 6 5 1 6 3 7 To Critical Strikes 1 | . . . . . . . . . . . . . . 1 . Average Backups 8 | 1 7 9 9 9 8 6 7 8 8 9 8 5 7 4 4 Power . | . 1 1 1 1 1 1 1 1 . . . . . . . Propulsion . | . 2 3 3 2 1 . . . . . . . . . . Utility 4 | . 3 4 3 2 2 1 3 4 5 4 4 3 4 4 4 Weapon 2 | . 1 1 1 2 3 4 3 3 3 3 2 1 1 . . Tool/Special . | . . . . . . . . . . . . . . . . Unused Backups 20 | . 1 2 1 . 6 . . . 3 2 . . 1 2 2 Power 2 | . . . . . 1 . . . . . . . . 1 . Propulsion 2 | . . . . . 1 . . . . 1 . . . . . Utility 14 | . 1 2 1 . 2 . . . 3 1 . . 1 1 2 Weapon 2 | . . . . . 2 . . . . . . . . . . Tool/Special . | . . . . . . . . . . . . . . . . Average Slot Usage (%) 81 | . 98 96 100 94 96 92 84 78 87 88 47 64 64 33 20 Engine 6 | . 14 14 14 14 9 9 8 9 8 5 . 2 2 . . Treads 19 | . . . . . 9 35 34 30 33 24 . 7 9 5 2 Leg 2 | . 14 28 28 28 . . . . . . . . . . 2 Hover 1 | . . . . . 24 . . . . . . . . . . Device 2 | . 12 14 14 10 . . . . . . . 5 7 4 . Storage 7 | . 14 14 14 14 9 9 9 9 9 5 5 3 3 1 . Processor 9 | . . . . . 8 9 9 9 9 12 12 9 11 10 5 Hackware 13 | . . . . . 9 12 7 5 17 17 20 16 9 4 . Protection 2 | . . . . 3 7 5 6 7 . . . 2 2 . . Energy Gun 4 | . 28 22 14 1 . . . . . 3 . 5 9 . . Ballistic Gun 4 | . . 1 14 21 14 5 . . . 4 . 5 1 . . Ballistic Cannon 4 | . . . . . . 6 7 8 9 7 3 . . . . Peak Build Rating 69 | 6 10 12 13 16 40 33 37 33 30 69 29 58 65 34 23 Average Rating 39 | 4 8 9 12 14 37 30 28 30 29 55 25 41 44 24 16 On Entrance 22 | . 6 10 12 13 16 33 30 37 27 30 19 15 55 31 19 Avg Prop Armor Cover (%) 14 | . . . . . 4 3 . . . 10 . . 21 33 35 Naked Turns . | . . . . . . . . . . . . . . . . Heaviest Build 62 | 12 18 22 22 26 38 41 41 33 31 44 27 51 62 20 7 Greatest Support 116 | 20 26 26 26 26 40 80 80 80 80 116 3 50 70 27 3 Greatest Overweight (x) 8 | . . . . . 3 . . . . 3 8 1 6 1 2 Average Overweight (x) . | . . . . . . . . . . . 5 . . . . Largest Inventory Capacity 10 | 8 10 10 10 10 10 10 10 10 10 10 10 10 10 10 5 Average Capacity 9 | 6 9 10 10 10 10 10 10 10 10 9 9 8 8 5 5 Most Carried 10 | 3 10 10 10 10 10 10 10 10 10 10 10 8 10 6 5 Average Carried 8 | 1 7 9 9 9 9 7 8 9 9 9 8 5 7 4 4 Final Capacity 10 | 8 10 10 10 10 10 10 10 10 10 10 5 10 10 5 5 Final Carried 10 | 3 10 10 10 10 9 9 10 10 10 10 5 8 7 5 4 Class Distribution -------------------- 24% | Hacker-Skirmisher 22% | Scavenger-Mutant 13% | Mutant 11% | Hacker-Mutant 11% | Commander-Mutant 9% | Scavenger-Skirmisher Dominant Class ---------------- Mutant | -10/Materials Mutant | -10/Mines Mutant | -10/Exiles Mutant | -9/Mines Scavenger-Mutant | -8/Materials Scavenger-Mutant | -8/Garrison Scavenger-Mutant | -8/Materials Scavenger-Mutant | -8/Storage Commander-Mutant | -8/Recycling Hacker-Skirmisher | -6/Factory Hacker-Mutant | -6/Lower Caves Scavenger-Skirmisher | -5/Factory Mutant | -5/Upper Caves Scout | -5/Upper Caves Mutant | -4/Factory Resources | -11 -10 -10 -10 -9 -8 -8 -8 -8 -8 -6 -6 -5 -5 -5 -4 ----------- Run | Yrd Mat Min Exi Min Mat Gar Mat Sto Rec Fac Low Fac Upp Upp Fac Matter Collected 6764 | 126 153 56 . 56 630 652 727 209 439 2115 312 889 353 47 . Remotely . | . . . . . . . . . . . . . . . . Salvage Created 9042 | . 173 15 . . 941 599 1103 364 499 2631 564 1821 282 . 50 Parts 446 | . 7 . . . 44 57 55 23 16 125 25 82 10 . 2 Haulers Intercepted 15 | . 1 . . . 4 . 3 2 . 4 . 1 . . . Recyclers Shooed 8 | . . . . . 1 . . . 1 2 . 4 . . . Parts Field Recycled . | . . . . . . . . . . . . . . . . Retrieved Matter . | . . . . . . . . . . . . . . . . Parts Self-Destructed 18 | . . . . . . . . . . . 12 . 6 . . Prevented 6 | . . . . . . . . . . . . . 5 1 . Parts Restored . | . . . . . . . . . . . . . . . . Kills | -11 -10 -10 -10 -9 -8 -8 -8 -8 -8 -6 -6 -5 -5 -5 -4 ------- Run | Yrd Mat Min Exi Min Mat Gar Mat Sto Rec Fac Low Fac Upp Upp Fac Combat Hostiles Destroyed 180 | . 5 1 . . 13 28 29 10 6 47 16 19 5 . 1 Melee 4 | . . . . . . . 2 1 . . . . . . 1 Guns 52 | . 3 1 . . 8 9 4 . . 15 . 9 3 . . Cannons 46 | . . . . . 2 4 13 4 6 16 1 . . . . AOE 76 | . 2 . . . 3 15 10 5 . 16 15 9 1 . . Classes Destroyed 18 | . 3 1 . . 6 1 4 1 . 2 . . . . . Worker 11 | . . . . . 1 . 5 2 . 2 . 1 . . . Builder 12 | . . . . . 1 . 2 . . 6 . 3 . . . Tunneler 4 | . . . . . 2 . . . . 1 . 1 . . . Hauler 15 | . 1 . . . 4 . 3 2 . 4 . 1 . . . Recycler 12 | . . . . . 1 . . 1 4 3 . 3 . . . Mechanic 4 | . . . . . . . 2 . . 2 . . . . . Operator 1 | . . . . . . . . 1 . . . . . . . Watcher 6 | . . . . . . . 1 1 . 3 . 1 . . . Swarmer 54 | . 4 . . . 1 17 2 4 . 9 11 5 1 . . Grunt 66 | . 1 . . . 8 5 17 4 1 13 2 11 4 . . Brawler 5 | . . . . . . . 1 1 . 1 2 . . . . Duelist 6 | . . . . . . . 4 . . 1 1 . . . . Protector 1 | . . . . . . . . . . 1 . . . . . Sentry 22 | . . . . . 3 5 5 1 4 3 . 1 . . . Demolisher 1 | . . 1 . . . . . . . . . . . . . Hunter 10 | . . . . . . 1 . . 1 8 . . . . . Programmer 15 | . . . . . . . . . . 11 . 3 . . 1 Heavy 1 | . . . . . 1 . . . . . . . . . . Decomposer 1 | . . . . . . . . . . . 1 . . . . Best Kill Streak 16 | . 4 1 . . 3 4 13 6 3 16 12 7 2 . 1 Combat Bots Only 12 | . 4 1 . . 3 4 8 3 2 8 12 5 2 . 1 Max Kills in Single Turn 8 | . 2 1 . . 3 4 4 5 1 8 4 3 1 . 1 Gunslinging . | . . . . . . . . . . . . . . . . Exploded 4 | . 2 . . . 2 4 2 3 . 4 4 3 1 . . Melee 1 | . . . . . . . 1 1 . . . . . . 1 Uniques/NPCs Destroyed . | . . . . . . . . . . . . . . . . Combat | -11 -10 -10 -10 -9 -8 -8 -8 -8 -8 -6 -6 -5 -5 -5 -4 -------- Run | Yrd Mat Min Exi Min Mat Gar Mat Sto Rec Fac Low Fac Upp Upp Fac Hostile Shots Fired 1080 | . 23 1 . 7 65 78 79 34 10 392 43 92 123 31 102 Missed 330 | . 5 . . 1 21 19 19 16 2 132 11 41 37 8 18 Hits 750 | . 18 1 . 6 44 59 60 18 8 260 32 51 86 23 84 Melee 13 | . . . . . . . . 1 . 7 1 . 2 2 . Projectile 737 | . 18 1 . 6 44 59 60 17 8 253 31 51 84 21 84 AOE 1 | . . 1 . . . . . . . . . . . . . Critical Strikes 17 | . . . . . 1 1 3 . . 5 . 1 1 2 3 Damage Taken 12908 | . 238 39 . 67 931 786 1058 262 114 3891 694 914 1892 494 1528 Core 2795 | . 30 . . . 145 51 71 . 56 523 291 101 377 95 1055 Absorbed by Shields 3 | . . . . . . 3 . . . . . . . . . Redirected to Shielding 177 | . . . . . . . 65 20 . 92 . . . . . Ignored by Resistances 98 | . . . . . 18 16 44 . . . . . . . 20 Regen/Repaired (Parts) 1587 | . . . . . . . 536 . . 976 . 75 . . . Core Remaining (%) 55 | 100 . . . 88 . . . . 41 . 4 . . 42 . Volleys Fired 525 | . 18 2 . 3 63 74 64 24 19 139 28 52 38 1 . Largest 4 | . 2 2 . 2 2 2 2 1 1 3 1 4 4 1 . Hottest 317 | . 80 80 . 43 125 66 78 50 50 119 50 255 317 39 . Shots Fired 877 | . 36 3 . 6 112 111 86 24 20 285 29 96 68 1 . Gun 481 | . 36 3 . 6 85 75 18 . . 132 . 75 51 . . Cannon 277 | . . . . . . 20 57 20 20 140 18 2 . . . Launcher 90 | . . . . . 5 16 11 4 . 12 11 15 15 1 . Special 29 | . . . . . 22 . . . . 1 . 4 2 . . Kinetic 535 | . . . . 6 85 95 57 20 20 184 18 49 1 . . Thermal 189 | . . . . . 22 . 18 . . 88 . 15 46 . . Explosive 59 | . . . . . 5 16 11 4 . 12 11 . . . . Electromagnetic 89 | . 36 3 . . . . . . . . . 28 21 1 . Robot Hit Streak 26 | . 6 3 . 6 12 26 19 21 23 25 14 9 11 . . Robot Miss Streak 7 | . 5 1 . 1 4 2 2 1 . 7 2 4 3 1 . Penetration Max 1 | . . . . . . . 1 1 . 1 . 1 . . . Secondary Targets 3 | . . . . . . . . . . . . 2 1 . . Max Gunslinging Chain 1 | . . . . . . . . . . . . 1 1 . . Autonomous 107 | . . . . . . . 18 . . 89 . . . . . Shots Hit Robots 553 | . 21 2 . 6 69 64 67 10 19 174 21 52 35 1 12 Core Hits 379 | . 6 1 . 2 30 39 55 15 11 109 34 62 12 1 2 Critical Kills 1 | . . . . . . . . . . . . 1 . . . Critical Parts Destroyed 3 | . . . . . 1 . . . . 1 . 1 . . . Critical Strikes 43 | . 1 . . . 6 2 7 2 6 12 2 3 2 . . Burn 8 | . . . . . 5 . . . . . . 1 2 . . Destroy 4 | . . . . . 1 . . . . 1 . 2 . . . Blast 30 | . . . . . . 2 7 2 6 11 2 . . . . Corrupt 1 | . 1 . . . . . . . . . . . . . . Melee Attacks 17 | . . . . . . . . . . . . . . 1 16 Impact . | . . . . . . . . . . . . . . . . Slashing 3 | . . . . . . . . . . . . . . . 3 Piercing 14 | . . . . . . . . . . . . . . 1 13 Sneak Attacks . | . . . . . . . . . . . . . . . . Combat Hostiles . | . . . . . . . . . . . . . . . . Follow-up Attacks 2 | . . . . . . . . . . . . . . . 2 Damage Inflicted 26572 | . 485 40 . 89 1939 2309 4476 1108 1013 8643 2573 2299 1201 35 362 Guns 7590 | . 262 24 . 89 903 773 485 . . 3022 . 1286 746 . . Cannons 7639 | . . . . . . 410 2016 445 964 2990 784 30 . . . Explosions 10526 | . 223 . . . 780 1117 1951 647 . 2609 1789 971 428 11 . Melee 386 | . . . . . . . . . . . . . . 24 362 Ramming 196 | . . 16 . . 45 9 24 16 49 22 . 12 3 . . Kinetic 11081 | . . . . 89 903 1183 2016 445 964 3764 784 906 27 . . Thermal 5025 | . 223 . . . 578 . 485 . . 2758 . 302 679 . . Explosive 8016 | . . . . . 413 1117 1951 647 . 2099 1789 . . . . Electromagnetic 1868 | . 262 24 . . . . . . . . . 1079 492 11 . Impact . | . . . . . . . . . . . . . . . . Slashing 62 | . . . . . . . . . . . . . . . 62 Piercing 324 | . . . . . . . . . . . . . . 24 300 Highest Corruption 37 | . . . . . 1 1 1 1 1 4 4 2 31 37 10 Average Corruption 5 | . . . . . 1 1 1 1 1 2 4 1 28 31 6 Corruption Purged 4 | . . . . . . . . . . . . 2 2 . . Corruption Blocked . | . . . . . . . . . . . . . . . . Effects 221 | . . . . . 6 13 5 5 10 83 20 1 71 6 1 Message Errors 53 | . . . . . 1 4 3 2 5 17 3 . 17 1 . Matter Fused 63 | . . . . . 2 2 1 2 3 25 5 1 20 2 . Heat Flow Errors 32 | . . . . . . 4 1 1 1 9 3 . 12 1 . Energy Discharges 21 | . . . . . 1 2 . . . 9 2 . 6 1 . Parts Rejected 4 | . . . . . 1 . . . . 2 . . 1 . . Parts Fused 1 | . . . . . . . . . . 1 . . . . . Data Loss (minor) 19 | . . . . . 1 1 . . . 10 2 . 4 . 1 Data Loss (major) 11 | . . . . . . . . . . 5 2 . 4 . . Misfires 7 | . . . . . . . . . 1 2 2 . 2 . . Alerts 5 | . . . . . . . . . . 3 . . 2 . . Misdirections 3 | . . . . . . . . . . . . . 2 1 . Weapon Failures 2 | . . . . . . . . . . . 1 . 1 . . Overload Shots . | . . . . . . . . . . . . . . . . Overflow Damage 974 | . . . . . 75 110 139 93 18 259 261 2 12 . 5 Projectiles 477 | . . . . . . 29 48 16 18 166 200 . . . . Explosions 475 | . . . . . 58 81 91 77 . 93 61 2 12 . . Melee 22 | . . . . . 17 . . . . . . . . . 5 Knockbacks 48 | . . . . . 1 . 10 1 2 32 2 . . . . Impact 1 | . . . . . 1 . . . . . . . . . . Kinetic 43 | . . . . . . . 9 1 2 29 2 . . . . Secondary 4 | . . . . . . . 1 . . 3 . . . . . Self-Inflicted Damage 625 | . 86 . . . 71 44 181 . . 62 53 84 44 . . Shots 25 | . 3 . . . 2 1 4 . . 1 2 6 6 . . Rammed 30 | . . . . . 2 2 4 3 6 9 . 4 . . . Targets Rammed 36 | . . 2 . . 2 2 6 3 7 10 . 4 . . . Kicked 2 | . . 2 . . . . . . . . . . . . . Crushed 4 | . . . . . . . 2 . 1 1 . . . . . Highest Temperature 638 | . 26 . . . 309 387 196 205 84 246 224 480 638 119 . Average Temperature 90 | . 8 . . . 78 71 28 43 21 71 119 111 208 69 . Received Heat Transfer 2700 | . 24 . . 36 225 186 477 72 36 720 108 288 339 189 . Effects 30 | . . . . . 1 5 . . . 2 . 2 20 . . Shutdowns 6 | . . . . . . 1 . . . . . 1 4 . . Energy Bleed 5 | . . . . . 1 1 . . . . . . 3 . . Interference 5 | . . . . . . 2 . . . 2 . . 1 . . Short Circuit 3 | . . . . . . . . . . . . . 3 . . Damage (minor) 2 | . . . . . . 1 . . . . . 1 . . . Damage (major) 9 | . . . . . . . . . . . . . 9 . . Siege Activations . | . . . . . . . . . . . . . . . . Martial Activations . | . . . . . . . . . . . . . . . . Shielding Activations . | . . . . . . . . . . . . . . . . Robots Disrupted 2 | . . . . . 2 . . . . . . . . . . Combat Hostiles . | . . . . . . . . . . . . . . . . Robots Corrupted 5 | . 1 . . . 1 . . . . 1 . 1 1 . . Combat Hostiles 2 | . . . . . . . . . . . . 1 1 . . Parts Fried 13 | . 3 1 . . 1 . . . . 3 . 2 3 . . Impact Corruptions 2 | . . . . . 1 . . . . 1 . . . . . Robots Melted 1 | . . . . . 1 . . . . . . . . . . Combat Hostiles . | . . . . . . . . . . . . . . . . Parts Melted 10 | . 1 . . . 2 . . . . 1 . 4 2 . . Heat Transferred 7848 | . 200 . . . 2280 . 629 . . 3012 . 457 1270 . . Parts Sabotaged 3 | . . . . . . . . . . 3 . . . . . Parts Stolen . | . . . . . . . . . . . . . . . . Parts Stripped . | . . . . . . . . . . . . . . . . Power Chain Reactions 6 | . 3 . . . . . . . . . . 3 . . . Alert | -11 -10 -10 -10 -9 -8 -8 -8 -8 -8 -6 -6 -5 -5 -5 -4 ------- Run | Yrd Mat Min Exi Min Mat Gar Mat Sto Rec Fac Low Fac Upp Upp Fac Maximum Alert Level 4 | . . . . . 1 4 4 3 1 4 . 2 . . . Low Security (%) 32 | 100 100 100 . 100 29 . . . 84 28 . 5 . . 100 Level 1 15 | . . . . . 70 10 . . 15 . . 54 . . . Level 2 22 | . . . . . . 10 35 97 . 30 . 40 . . . Level 3 14 | . . . . . . 54 62 2 . 9 . . . . . Level 4 15 | . . . . . . 23 2 . . 32 . . . . . Level 5 . | . . . . . . . . . . . . . . . . High Security . | . . . . . . . . . . . . . . . . Max Security . | . . . . . . . . . . . . . . . . Peak Influence 1340 | . 114 28 . 38 341 1170 1144 701 263 1340 . 636 . . 30 Initial 570 | . . 28 . . 2 158 570 480 263 150 . 453 . . . Average 477 | . 37 5 . 9 211 836 749 496 79 630 . 351 . . . Influence Increases 7233 | . 179 63 . 58 714 1032 1030 422 187 2095 350 853 175 45 30 Destroy 0b10 Robot/C 3860 | . 100 40 . 40 400 560 580 200 120 920 320 460 100 . 20 Destroy 0b10 Robot/NC 350 | . 5 . . . 45 . 65 35 25 110 10 55 . . . Destroy Leader 760 | . 22 . . 10 118 30 128 36 . 282 20 104 . . 10 Allied During Kill 156 | . . 3 . 8 56 . . . 12 6 . 71 . . . Trap Triggered on 0b10 20 | . . 20 . . . . . . . . . . . . . Successful Hack 107 | . . . . . . 28 8 13 9 49 . . . . . Select Force Hacks 30 | . . . . . . . . . . 30 . . . . . Disable Machine 630 | . . . . . 30 30 90 75 15 315 . 75 . . . Anti-Garrison Action 250 | . . . . . . 250 . . . . . . . . . Destroy Structure 575 | . 7 . . . 50 134 84 63 6 203 . 28 . . . Advance Influence 150 | . . . . . . . . . . 150 . . . . . Partial Spotted 30 | . 15 . . . . . . . . 15 . . . . . Lose Combat Pursuer 315 | . 30 . . . 15 . 75 . . 15 . 60 75 45 . Influence Decreases 7233 | . 105 137 . 50 478 106 1062 884 863 815 910 943 805 45 30 Entered New Map 2784 | . . 46 . . 6 86 600 658 413 . 474 267 234 . . Time Decay 3673 | . 105 91 . 40 352 . 392 206 440 590 386 556 485 20 10 Lost Part 496 | . . . . 10 50 20 50 20 10 125 50 30 86 25 20 Lost Ally 280 | . . . . . 70 . 20 . . 100 . 90 . . . Squads Dispatched 33 | . 2 . . 1 1 . 4 . . 20 . 5 . . . Investigation 6 | . 1 . . 1 . . . . . 3 . 1 . . . Extermination 13 | . . . . . . . . . . 11 . 2 . . . Reinforcement 9 | . 1 . . . 1 . 2 . . 3 . 2 . . . Assault 5 | . . . . . . . 2 . . 3 . . . . . Garrison . | . . . . . . . . . . . . . . . . Intercept . | . . . . . . . . . . . . . . . . Searches Triggered . | . . . . . . . . . . . . . . . . Construction Impeded 3 | . . . . . . . 1 . . 1 . 1 . . . Haulers Reinforced 1 | . . . . . . . . . . . . 1 . . . Active Scanning Responses . | . . . . . . . . . . . . . . . . Cargo Convoy Interrupts . | . . . . . . . . . . . . . . . . Stealth | -11 -10 -10 -10 -9 -8 -8 -8 -8 -8 -6 -6 -5 -5 -5 -4 --------- Run | Yrd Mat Min Exi Min Mat Gar Mat Sto Rec Fac Low Fac Upp Upp Fac Distress Signals 13 | . 1 . . . 2 . 2 2 . 3 . 2 . . 1 Communications Jammed . | . . . . . . . . . . . . . . . . Distress Signals . | . . . . . . . . . . . . . . . . Times Spotted 293 | . 10 13 . 3 30 22 49 14 4 75 15 34 11 6 7 Peak Tracking Total 12 | . 3 11 . 3 7 3 7 6 1 12 9 6 4 4 5 Tactical Retreats 20 | . 1 1 . . 1 . 4 . . 1 . 4 5 3 . Traps | -11 -10 -10 -10 -9 -8 -8 -8 -8 -8 -6 -6 -5 -5 -5 -4 ------- Run | Yrd Mat Min Exi Min Mat Gar Mat Sto Rec Fac Low Fac Upp Upp Fac Traps Triggered 11 | . 1 . . . 1 2 . 1 . 4 . 2 . . . Indirectly 2 | . . . . . . . . . . 2 . . . . . Trap Hack Attempts . | . . . . . . . . . . . . . . . . Triggered . | . . . . . . . . . . . . . . . . Disarmed . | . . . . . . . . . . . . . . . . Reprogrammed . | . . . . . . . . . . . . . . . . Reused 2 | . . 2 . . . . . . . . . . . . . Traps Extracted . | . . . . . . . . . . . . . . . . Installed 3 | . . 3 . . . . . . . . . . . . . Triggered 2 | . . 2 . . . . . . . . . . . . . Machines | -11 -10 -10 -10 -9 -8 -8 -8 -8 -8 -6 -6 -5 -5 -5 -4 ---------- Run | Yrd Mat Min Exi Min Mat Gar Mat Sto Rec Fac Low Fac Upp Upp Fac Machines Disabled 46 | . . . . . 2 4 6 5 1 21 2 5 . . . Max in Single Turn 6 | . . . . . 1 1 2 1 1 6 1 1 . . . Garrison Access 4 | . . . . . . . . . . 3 . 1 . . . Garrison Relay 3 | . . . . . . 3 . . . . . . . . . Machines Repaired . | . . . . . . . . . . . . . . . . Machines Dismantled . | . . . . . . . . . . . . . . . . Machines Sabotaged . | . . . . . . . . . . . . . . . . Overloaded Fab Kills . | . . . . . . . . . . . . . . . . Hacking | -11 -10 -10 -10 -9 -8 -8 -8 -8 -8 -6 -6 -5 -5 -5 -4 --------- Run | Yrd Mat Min Exi Min Mat Gar Mat Sto Rec Fac Low Fac Upp Upp Fac Machines Accessed 46 | . 1 1 1 1 2 4 1 3 9 19 . 4 . . . Terminals 24 | . 1 1 . . . 4 . 3 4 10 . 1 . . . Fabricators 2 | . . . . . . . . . . . . 2 . . . Repair Stations 4 | . . . . . . . 1 . . 3 . . . . . Recycling Units 6 | . . . . . . . . . 5 1 . . . . . Scanalyzers 3 | . . . . . 1 . . . . 2 . . . . . Garrison Access 5 | . . . . . 1 . . . . 3 . 1 . . . Total Hacks 126 | . 3 2 1 1 11 7 10 4 22 53 . 12 . . . Successful 79 | . 2 . 1 1 10 2 8 3 12 33 . 7 . . . Failed 46 | . 1 2 . . 1 5 2 1 9 20 . 5 . . . Catastrophic 5 | . . . . . . 1 . . . 3 . 1 . . . Database Lockouts 1 | . . . . . . . . . 1 . . . . . . Manual 35 | . . . 1 . . . . 3 14 17 . . . . . Terminals 52 | . 3 2 . . . 7 . 4 13 22 . 1 . . . Fabricators 10 | . . . . . . . . . . . . 10 . . . Repair Stations 26 | . . . . . . . 10 . . 16 . . . . . Recycling Units 11 | . . . . . . . . . 9 2 . . . . . Scanalyzers 19 | . . . . . 10 . . . . 9 . . . . . Garrison Access 6 | . . . . . 1 . . . . 4 . 1 . . . Terminal Hacks 19 | . 2 . 1 1 . 2 . 3 3 6 . 1 . . . Record 4 | . . . . . . . . . 1 3 . . . . . Robot Schematic 2 | . . . . . . . . . 1 . . 1 . . . Robot Analysis 2 | . . . . . . . . . . 2 . . . . . Open Door 3 | . . . . 1 . . . 2 . . . . . . . Branch Access Points 1 | . . . . . . . . 1 . . . . . . . Emergency Access Points 1 | . . . . . . 1 . . . . . . . . . Alert Level 1 | . 1 . . . . . . . . . . . . . . Transport Status 1 | . 1 . . . . . . . . . . . . . . Recall Reinforcements 1 | . . . . . . . . . . 1 . . . . . Hauler Manifests 1 | . . . . . . . . . 1 . . . . . . Garrison Registry 1 | . . . . . . 1 . . . . . . . . . Proto ID Catalog 1 | . . . 1 . . . . . . . . . . . . Fabricator Hacks 5 | . . . . . . . . . . . . 5 . . . Load Schematic 3 | . . . . . . . . . . . . 3 . . . Build 2 | . . . . . . . . . . . . 2 . . . Repair Station Hacks 21 | . . . . . . . 8 . . 13 . . . . . Scan Component 11 | . . . . . . . 4 . . 7 . . . . . Repair 10 | . . . . . . . 4 . . 6 . . . . . Recycling Unit Hacks 7 | . . . . . . . . . 7 . . . . . . Report Inventory 1 | . . . . . . . . . 1 . . . . . . Retrieve Components 6 | . . . . . . . . . 6 . . . . . . Scanalyzer 17 | . . . . . 9 . . . . 8 . . . . . Insert Component 4 | . . . . . 2 . . . . 2 . . . . . Analyze 5 | . . . . . 2 . . . . 3 . . . . . Retrieve Study 8 | . . . . . 5 . . . . 3 . . . . . Garrison Access Hacks 6 | . . . . . 1 . . . . 4 . 1 . . . Unlock Access 1 | . . . . . 1 . . . . . . . . . . Seal Access 4 | . . . . . . . . . . 3 . 1 . . . Coupler Status 1 | . . . . . . . . . . 1 . . . . . Unauthorized Hacks 4 | . . . . . . . . . 2 2 . . . . . Terminals 2 | . . . . . . . . . 2 . . . . . . Botnet 2 | . . . . . . . . . 2 . . . . . . Fabricators . | . . . . . . . . . . . . . . . . Repair Stations . | . . . . . . . . . . . . . . . . Recycling Units 1 | . . . . . . . . . . 1 . . . . . Reject 1 | . . . . . . . . . . 1 . . . . . Scanalyzers 1 | . . . . . . . . . . 1 . . . . . Extract 1 | . . . . . . . . . . 1 . . . . . Garrison Access . | . . . . . . . . . . . . . . . . Data Cores Recovered 1 | . . . . . . . . 1 . . . . . . . Used . | . . . . . . . . . . . . . . . . Hacking Detections 30 | . 1 1 . . 1 3 1 2 6 13 . 2 . . . Full Trace Events 7 | . . . . . . 1 . . 3 2 . 1 . . . Feedback Events . | . . . . . . . . . . . . . . . . Feedback Blocked . | . . . . . . . . . . . . . . . . Robot Schematics Acquired 2 | . . . . . . . . . 1 . . 1 . . . Robots Built 6 | . . . . . . . . . . . . 6 . . . Authchips 2 | . . . . . . . . . . . . 2 . . . Time 152 | . . . . . . . . . . . . 152 . . . Total Robot Build Rating 30 | . . . . . . . . . . . . 30 . . . Part Schematics Acquired 8 | . . . . . 2 . . . . 6 . . . . . Parts Built . | . . . . . . . . . . . . . . . . Authchips . | . . . . . . . . . . . . . . . . Time . | . . . . . . . . . . . . . . . . Total Part Build Rating . | . . . . . . . . . . . . . . . . Part Studies Acquired 7 | . . . . . 4 . . . . 3 . . . . . Parts Repaired 10 | . . . . . . . 4 . . 6 . . . . . Time 344 | . . . . . . . 140 . . 204 . . . . . Parts Recycled . | . . . . . . . . . . . . . . . . Recycled Matter . | . . . . . . . . . . . . . . . . Retrieved Matter . | . . . . . . . . . . . . . . . . Retrieved Components 12 | . . . . . . . . . 12 . . . . . . Parts Scanalyzed 4 | . . . . . 2 . . . . 2 . . . . . Part Schematics Acquired 4 | . . . . . 2 . . . . 2 . . . . . Parts Damaged . | . . . . . . . . . . . . . . . . Bothacking | -11 -10 -10 -10 -9 -8 -8 -8 -8 -8 -6 -6 -5 -5 -5 -4 ------------ Run | Yrd Mat Min Exi Min Mat Gar Mat Sto Rec Fac Low Fac Upp Upp Fac Used RIF Installer 1 | . . . . . . 1 . . . . . . . . . Robots Hacked 3 | . . . . . . . . . . 1 . 2 . . . Non-combat 2 | . . . . . . . . . . 1 . 1 . . . Combat 1 | . . . . . . . . . . . . 1 . . . Robot Hacks Applied 3 | . . . . . . . . . . 1 . 2 . . . no_distress 1 | . . . . . . . . . . 1 . . . . . go_dormant 1 | . . . . . . . . . . . . 1 . . . formatsys_low 1 | . . . . . . . . . . . . 1 . . . Relay Couplers Released 10 | . . . . . . 10 . . . . . . . . . Machine Destruction 10 | . . . . . . 10 . . . . . . . . . Attached 2 | . . . . . . . . . . . 1 1 . . . Fabnet Peak Effective % . | . . . . . . . . . . . . . . . . Robots Rewired 9 | . . . . . 1 . . . 8 . . . . . . Allies Hacked 1 | . . . . . . . . . . 1 . . . . . Hacks Repelled . | . . . . . . . . . . . . . . . . Allies | -11 -10 -10 -10 -9 -8 -8 -8 -8 -8 -6 -6 -5 -5 -5 -4 -------- Run | Yrd Mat Min Exi Min Mat Gar Mat Sto Rec Fac Low Fac Upp Upp Fac Total Allies 22 | . . 4 . . 1 1 . . 8 . 1 7 . . . Largest Group 8 | . . 3 3 3 4 1 1 . 8 8 1 6 . . . Highest-Rated Group 174 | . . 40 40 40 51 31 31 . 81 81 146 174 . . . Highest-Rated Ally 146 | . . 31 16 16 16 31 31 . 16 16 146 29 . . . Total Orders 13 | . . . . . 5 . . . 1 6 . 1 . . . STAY 3 | . . . . . . . . . . 3 . . . . . FOLLOW 3 | . . . . . . . . . . 3 . . . . . AID 1 | . . . . . . . . . . . . 1 . . . DROP 2 | . . . . . 2 . . . . . . . . . . PICKUP 2 | . . . . . 2 . . . . . . . . . . COLLECT 2 | . . . . . 1 . . . 1 . . . . . . Ally Attacks 152 | . . 7 . 8 53 . 8 . 4 10 . 62 . . . Total Damage 1724 | . . 117 . 119 509 . 21 . 33 51 . 874 . . . Kills 17 | . . 3 . 2 7 . . . . . . 5 . . . Allies Corrupted 2 | . . . . . . . . . . . . 2 . . . Allies Melted . | . . . . . . . . . . . . . . . . Intel | -11 -10 -10 -10 -9 -8 -8 -8 -8 -8 -6 -6 -5 -5 -5 -4 ------- Run | Yrd Mat Min Exi Min Mat Gar Mat Sto Rec Fac Low Fac Upp Upp Fac Active Infowar (turns) 10126 | . . . . . . . . . . 5470 918 1620 2045 73 . Sensors 905 | . . . . . . . . . . . . . 846 59 . Machine Analysis 10126 | . . . . . . . . . . 5470 918 1620 2045 73 . Robot Analysis Total 2 | . . . . . . . . . . 2 . . . . . Derelict Logs Recovered 4 | . . 1 . 1 . . . . . . 1 . 1 . . Drone Launches . | . . . . . . . . . . . . . . . . Drone Recoveries . | . . . . . . . . . . . . . . . . Exploration | -11 -10 -10 -10 -9 -8 -8 -8 -8 -8 -6 -6 -5 -5 -5 -4 ------------- Run | Yrd Mat Min Exi Min Mat Gar Mat Sto Rec Fac Low Fac Upp Upp Fac Turns Passed 17552 | 39 362 423 319 196 1158 1737 921 420 1727 5482 918 1620 2045 87 98 Spaces Moved 9176 | 34 287 318 256 138 818 896 307 180 902 2662 266 844 1109 90 69 Core 1046 | 4 . . . . . . . . . 10 266 205 405 87 69 Treads 6509 | . . . . . 308 896 307 180 902 2570 . 639 704 3 . Legs 911 | . 112 318 256 138 5 . . . . 82 . . . . . Wheels 205 | 30 175 . . . . . . . . . . . . . . Hover 505 | . . . . . 505 . . . . . . . . . . Flight . | . . . . . . . . . . . . . . . . Fastest Speed 48 | 50 80 120 120 120 48 165 165 166 165 120 50 50 50 50 50 Average Speed 150 | 76 95 120 120 120 97 165 165 166 165 163 312 138 148 64 65 Slowest Speed 450 | 80 120 120 120 120 260 170 166 170 170 240 450 245 350 170 150 Overloaded Moves . | . . . . . . . . . . . . . . . . Propulsion Burnouts . | . . . . . . . . . . . . . . . . Robots Hopped . | . . . . . . . . . . . . . . . . Potential Cave-ins . | . . . . . . . . . . . . . . . . Cave-ins Triggered . | . . . . . . . . . . . . . . . . Exploration Rate (%) 44 | 4 66 50 60 26 66 69 33 33 84 69 39 22 76 8 2 Regions Visited 15 Branch Regions 8 Pre-discovered Areas . | . . . . . . . . . . . . . . . . Known Exits Taken 6 | . . . . 1 1 . . 1 . . . 1 1 1 . Unknown Exits Taken 8 | 1 1 1 1 . . . 1 . 1 1 1 . . . . Scrap Searched 10 | . . 3 . . . . . . . . 2 . 4 1 . Spaces Dug 34 | . . . . . . . . 1 . 33 . . . . . Terrain Destroyed 611 | . 6 . . . 47 64 85 71 7 212 107 12 . . . Melee . | . . . . . . . . . . . . . . . . Projectile 128 | . . . . . . 5 22 11 7 75 6 2 . . . AOE 483 | . 6 . . . 47 59 63 60 . 137 101 10 . . . Terrain Rammed 1 | . . . . . . . . . . . . . 1 . . Walls Destroyed . | . . . . . . . . . . . . . . . . Machines Disabled . | . . . . . . . . . . . . . . . . Actions | -11 -10 -10 -10 -9 -8 -8 -8 -8 -8 -6 -6 -5 -5 -5 -4 --------- Run | Yrd Mat Min Exi Min Mat Gar Mat Sto Rec Fac Low Fac Upp Upp Fac Total 12010 | 43 339 357 269 162 1078 1052 618 265 1104 3553 316 1196 1450 116 92 Wait 1832 | . 15 25 11 15 139 50 218 43 134 647 12 256 250 14 3 Move 9162 | 33 286 317 255 137 818 895 306 179 901 2661 265 843 1108 89 69 Hop . | . . . . . . . . . . . . . . . . Pick Up 82 | 3 9 3 1 2 7 5 4 3 5 20 . 7 10 2 1 Fast Attach 85 | 6 1 . . . 7 2 8 2 3 24 1 14 10 3 4 Attach 53 | . . 1 . . 5 5 4 5 1 10 6 3 10 1 2 Detach 26 | . . . . . 2 4 2 2 . 5 3 1 6 1 . Swap 72 | 1 5 1 . 3 13 10 1 . . 17 . 14 7 . . Drop 72 | . 5 3 2 2 7 4 5 4 4 20 1 1 10 4 . Fire 525 | . 18 2 . 3 63 74 64 24 19 139 28 52 38 1 . Melee 14 | . . . . . . . . . . . . . . 1 13 Ram 3 | . . . . . 2 . . . . . . . 1 . . Kick 2 | . . 2 . . . . . . . . . . . . . Crush 32 | . . . . . . 2 6 3 7 10 . 4 . . . Escape Stasis 1 | . . . . . . 1 . . . . . . . . . Rewire 46 | . . . . . 15 . . . 30 . . 1 . . . Trap 3 | . . 3 . . . . . . . . . . . . . Miscellaneous . | . . . . . . . . . . . . . . . . Route ------- -11/Scrapyard -10/Materials (discovered 3 exits: [*Mat x2] / *Min) -10/Mines (discovered 2 exits: [*Mat] / *Exi) -10/Exiles -9/Mines (discovered 2 exits: *Mat x2) -8/Materials (discovered 3 exits: [*Fac x2] / Gar) -8/Garrison (discovered 3 exits: *Mat x3) -8/Materials -8/Storage -8/Recycling -6/Factory (discovered 4 exits: *Fac x3 / [*Low]) -6/Lower Caves -5/Factory (discovered 2 exits: *Fac / *Upp) -5/Upper Caves -5/Upper Caves -4/Factory History --------- Turn | Location | Event 25 | -11/Scrapyard | Discovered new exit (range 16) 40 | -11/Scrapyard | Entered Materials 157 | -10/Materials | Discovered new exit (range 14) 283 | -10/Materials | Discovered new exit (range 16) 317 | -10/Materials | Build established: Mutant 396 | -10/Materials | Discovered new exit (range 6) 402 | -10/Materials | Entered Mines 425 | -10/Mines | Learned Materials non-interactive machine intel 451 | -10/Mines | Received a Mining Laser from a helpful Derelict 458 | -10/Mines | Discovered new exit (range 10) 587 | -10/Mines | Found a hidden stash of uninstalled traps 597 | -10/Mines | Assembled infested the area 688 | -10/Mines | Assisted by bots powering up and referring to "LRC-V3" 724 | -10/Mines | Joined a pair of Derelicts in attacking an 0b10 outpost 807 | -10/Mines | Found a damaged Exp. Sensor Array with a note attached 810 | -10/Mines | Found Prototype Device 820 | -10/Mines | Deemed a non-threat by the Exiles lab entrance 820 | -10/Mines | Discovered new exit (range 5) 825 | -10/Mines | Entered Exiles 825 | -10/Exiles | Accompanied by 3 allies 857 | -10/Exiles | Met 8R-AWN 876 | -10/Exiles | Met EX-HEX 914 | -10/Exiles | Met EX-BIN 932 | -10/Exiles | Aligned with FarCom system 933 | -10/Exiles | Given EX-Vault access code 963 | -10/Exiles | Opened EX-Vault 998 | -10/Exiles | Warned to stay clear of 0b10 Research branches 1022 | -10/Exiles | Found AWS/Thermal 1082 | -10/Exiles | Met EX-DEC 1125 | -10/Exiles | Discovered new exit (range 10) 1144 | -10/Exiles | Left Exiles lab with AWS/Thermal 1144 | -10/Exiles | Entered Mines 1144 | -9/Mines | Accompanied by 3 allies 1173 | -9/Mines | Met a Derelict bent on vengeance 1182 | -9/Mines | A weapon hastily lodged in a ceiling crevice suddenly fell to the ground 1236 | -9/Mines | Discovered new exit (range 6) 1246 | -9/Mines | Identified exit to Materials 1252 | -9/Mines | Met a Derelict shopkeep closing up shop 1340 | -9/Mines | Entered Materials 1340 | -8/Materials | Accompanied by 3 allies 1340 | -8/Materials | Evolved 4 slots: Propulsion x2, Utility x2 1341 | -8/Materials | Loaded intel: 36 non-interactive machine locations 1645 | -8/Materials | Discovered new exit (range 11) 1697 | -8/Materials | Build established: Commander-Mutant 1819 | -8/Materials | Discovered new exit (range 13) 1881 | -8/Materials | Lost 4 parts (2n1u1w) 2177 | -8/Materials | Build established: Scavenger-Mutant 2498 | -8/Materials | Identified exit to Garrison 2498 | -8/Materials | Entered Garrison 2554 | -8/Garrison | Triggered checkpoint 2609 | -8/Garrison | Garrison Relay disabled 2691 | -8/Garrison | Triggered checkpoint 2833 | -8/Garrison | Triggered checkpoint 2939 | -8/Garrison | Triggered checkpoint 3227 | -8/Garrison | Spotted B-75 Beast 3356 | -8/Garrison | Triggered checkpoint 3450 | -8/Garrison | Triggered checkpoint 3554 | -8/Garrison | Garrison Relay disabled 3592 | -8/Garrison | Rescued a captive Derelict 3657 | -8/Garrison | Discovered new exit (range 12) 3870 | -8/Garrison | Discovered new exit (range 13) 3880 | -8/Garrison | Discovered new exit (range 58) 3880 | -8/Garrison | Discovered new exit (range 13) 3880 | -8/Garrison | Discovered new exit (range 82) 3932 | -8/Garrison | Installed Relay Interface Framework 4014 | -8/Garrison | Garrison Relay disabled 4235 | -8/Garrison | Entered Materials 4235 | -8/Materials | Accompanied by 1 ally 4285 | -8/Materials | Repaired Reflective Plating 4325 | -8/Materials | Repaired Hvy. Assault Cannon 4364 | -8/Materials | Repaired Arm. Treads+ 4392 | -8/Materials | Repaired Lgt. Treads 5035 | -8/Materials | First assault squad dispatched 5130 | -8/Materials | Discovered new exit (range 12) 5132 | -8/Materials | Destroyed 8 combat bots 5156 | -8/Materials | Entered Storage 5309 | -8/Storage | Identified exit to Recycling 5569 | -8/Storage | Used back door to open Recycling access 5576 | -8/Storage | Entered Recycling 5744 | -8/Recycling | Core integrity fell below 50% 5932 | -8/Recycling | Scanned before Scraplab entrance 5996 | -8/Recycling | Build established: Hacker-Mutant 6327 | -8/Recycling | Discovered new exit (range 7) 6338 | -8/Recycling | Build established: Commander-Mutant 7303 | -8/Recycling | Entered Factory 7303 | -6/Factory | Accompanied by 8 allies 7303 | -6/Factory | Evolved 4 slots: Utility x2, Weapon x2 7418 | -6/Factory | Lost 6 allies 7540 | -6/Factory | Repaired Arm. Treads+ 7567 | -6/Factory | Repaired Lgt. Treads 7607 | -6/Factory | Repaired Hvy. Assault Cannon 7646 | -6/Factory | Repaired Arm. Treads+ 7674 | -6/Factory | Repaired Med. Storage Unit 7932 | -6/Factory | Build established: Scavenger-Skirmisher 8574 | -6/Factory | P-60 Hacker assimilated allied Transporter 3b 8674 | -6/Factory | Build established: Hacker-Mutant 8882 | -6/Factory | Destroyed 8 combat bots 9019 | -6/Factory | Build established: Hacker-Skirmisher 9807 | -6/Factory | Discovered new exit (range 8) 10493 | -6/Factory | Repaired Imp. Weapon Shielding 10803 | -6/Factory | First assault squad dispatched 10900 | -6/Factory | Discovered new exit (range 16) 11748 | -6/Factory | Discovered new exit (range 8) 12552 | -6/Factory | Discovered new exit (range 12) 12740 | -6/Factory | AWS/Thermal suddenly broke down 12765 | -6/Factory | Core integrity fell below 50% 12785 | -6/Factory | Entered Lower Caves 12796 | -6/Lower Caves | Lost 6 parts (1p3n2w) 12937 | -6/Lower Caves | Learned Factory trap positions 13034 | -6/Lower Caves | Build established: Hacker-Mutant 13624 | -6/Lower Caves | Attracted the attention of an 0b10 outpost 13646 | -6/Lower Caves | Core integrity fell below 20% 13661 | -6/Lower Caves | Destroyed 12 combat bots 13696 | -6/Lower Caves | NK-0LA showed up to help 13698 | -6/Lower Caves | NK-0LA revealed a hidden path 13703 | -6/Lower Caves | Entered Factory 13703 | -5/Factory | Evolved 2 slots: Utility x2 13704 | -5/Factory | Loaded intel: 103 trap records 13706 | -5/Factory | Lost 5 parts (1p1u3w) 13814 | -5/Factory | Fabricated G-50 Soldier (x3) 13890 | -5/Factory | Fabricated G-50 Soldier (x3) 14071 | -5/Factory | Discovered new exit (range 13) 14104 | -5/Factory | Identified exit to Factory 14207 | -5/Factory | Build established: Commander-Mutant 14865 | -5/Factory | Spotted B-75 Beast 15048 | -5/Factory | Build established: Scavenger-Mutant 15196 | -5/Factory | Discovered new exit (range 15) 15321 | -5/Factory | Identified exit to Upper Caves 15323 | -5/Factory | Entered Upper Caves 15540 | -5/Upper Caves | Attracted the attention of an 0b10 checkpoint 15852 | -5/Upper Caves | Encountered a Warlord checkpoint 16045 | -5/Upper Caves | System corruption reached 10% 16198 | -5/Upper Caves | System corruption reached 30% 16371 | -5/Upper Caves | Spotted B-75 Beast 16449 | -5/Upper Caves | Learned Factory trap positions 16453 | -5/Upper Caves | Lost 6 parts (1p1n2u2w) 16557 | -5/Upper Caves | Discovered new exit (range 12) 17034 | -5/Upper Caves | Lost 3 parts (1n1u1w) 17366 | -5/Upper Caves | Identified exit to Upper Caves 17368 | -5/Upper Caves | Entered another Upper Caves area 17396 | -5/Upper Caves | Core integrity fell below 50% 17404 | -5/Upper Caves | Discovered exit to Factory (range 7) 17455 | -5/Upper Caves | Entered Factory 17455 | -4/Factory | Evolved 2 slots: Utility x2 17456 | -4/Factory | Loaded intel: 87 trap records 17472 | -4/Factory | Lost 3 parts (3u) 17533 | -4/Factory | Core integrity fell below 50% 17550 | -4/Factory | Core integrity fell below 20% 17553 | -4/Factory | System corruption reached 10% 17553 | -4/Factory | Self-destructed Last Messages --------------- 17500_ Arm. Medium Treads destroyed. 17503_ Remote Datajack destroyed. 17506_ Acquired Scythe. 17506_ Mak. Leg destroyed. 17508_ Acquired Scythe. 17519_ Scythe follow-up attack on P-70 Sage. 17525_ Destroyed Antigrav System. 17533_ P-70 Sage destroyed. 17534_ C-30 ARC bursts open, deploying its payload. 17534_ S-27 Virus unfolds itself. 17535_ Scythe destroyed. 17536_ S-27 Virus destroyed. 17537_ System corrupted: Component data lost. 17539_ Hvy. Pick destroyed. 17542_ Acquired Scythe. 17546_ Scythe destroyed. 17548_ Acquired Scythe. 17549_ Imp. Focal Shield destroyed. 17549_ R-10 Processor collects Antigrav System. 17552_ R-10 Processor collects Unknown Power Core. Map ----- +----------------------------------------------------+ | ?????????????????????????????????????????????????? | | ?????????????????????????????????????????????????? | | ?????????????????????????????????????????????????? | | ????????????????????????????????????????########## | | ???????????????????????????????#???#?? | | ??????????????????????????????? ? ?# | | ???????????????????????????????" ? "?# | | ?????????????????????????????# " ? " # ! | | ?????????????????????????????# " ? " # | | ??????????????????????#??????# " ? " # | | ??????????????????????# ???# " " " # | | ??????????????????????# ??# " " " # | | ??????????????????????# ??# " " " #? | | ??????????????????????# ??# " " " #??? | | ??????????????????????# ?# " " " #????? | | ??????????????????????# ??? ????????? | | ??????????????????????# #####+#############+## | | ??????????????????????# | | ??????????????????????# | | ??????????????????????# | | ??????????????????????# | | ??????????????????????# | | ??????????????################ #####+######### | | ??????????????# ! # #??? ???????? | | ??????????????# % sp # #???"""???????? | | ??????????????# """ @*ssR% #??"""" ??????? | | ??????????????# """ ! s#R + """" ??????? | | ??????????????# """ ! # # """" ?????? | | ??????????????# ! ! # # ?????? | | ??????????????################ #? """" ????? | | ?????????????????????????????# #? """"? ????? | | ????????????????????????????? #??""??? #???? | | ????????????????????????????? #???????? #???? | | ???????????????????????????? #?????????????? | | ????????????????????????????? #?????????????? | | ????????????????????????????? #?????????????? | | ????????????????????????????? #?????????????? | | ????????????????????????????? #?????????????? | | ?????????????????????????g??? ??????????????? | | ??????????????????????????b??####????????????????? | | ?????????????????????????????????????????????????? | | ?????????????????????????g???????????????????????? | | ??????????????????????????g??????????????????????? | | ?????????????????????????????????????????????????? | | ?????????????????????????????????????????????????? | | ?????????????????????????????????????????????????? | | ?????????????????????????????????????????????????? | | ?????????????????????????????????????????????????? | | ?????????????????????????????????????????????????? | | ?????????????????????????????????????????????????? | +----------------------------------------------------+ Best States ------------- Heat Dissipation 59 Energy Generation 18 Energy Capacity 310 Matter Stores 300 Matter Capacity 300 Sight Range 16 Robot Scan Range 16 Terrain Scan Density 10 Armor Coverage 600 Resistance: TH 25 Weapon Shielding 66 Evasion (%) 55 Recoil Reduction 4 Particle Charging 15 Salvage Targeting 1 Offensive Hacking 20 Defensive Hacking 20 Relay Coupler Types 2 Relay Coupler Value 51 Authchip Count 3 Item Schematics ----------------- Cmb. Airjet | -8/Materials | Scanalyzed Enh. Autogun | -8/Materials | Scanalyzed Imp. Weapon Shielding | -6/Factory | Scanalyzed Lrn. Missile Launcher | -6/Factory | Scanalyzed Lgt. Angular Momentum Engine | -6/Factory | Extracted Imp. Targeting Computer | -6/Factory | Extracted Med. Reactive Plating | -6/Factory | Extracted Imp. Core Shielding | -6/Factory | Extracted Robot Schematics ------------------ M-28 Smith | -8/Recycling | Hacked G-50 Soldier | -5/Factory | Hacked Fabricated ------------ G-50 Soldier | x3 | -5/Factory | Authchip G-50 Soldier | x3 | -5/Factory | Authchip Repaired ---------- Reflective Plating | 45% | -8/Materials Hvy. Assault Cannon | 46% | -8/Materials Arm. Treads | 23% | -8/Materials Lgt. Treads | 22% | -8/Materials Arm. Treads | 11% | -6/Factory Lgt. Treads | 7% | -6/Factory Hvy. Assault Cannon | 29% | -6/Factory Arm. Treads | 21% | -6/Factory Med. Storage Unit | 70% | -6/Factory Imp. Weapon Shielding | 8% | -6/Factory Studied --------- Missile Launcher | -8/Materials | Hacked Grenade Launcher | -8/Materials | Hacked Airjet | -8/Materials | Hacked Arm. Treads | -8/Materials | Hacked Lrn. Missile Launcher | -6/Factory | Hacked Hvy. Assault Cannon | -6/Factory | Hacked Hvy. Machine Gun | -6/Factory | Hacked Alien Tech Used ----------------- None Achievements -------------- Professional Mechanic Challenges ------------ None Game ------ Seed ScimitarDiametricSaw Manual? 0 Play Time 02:06:27 Cumulative 224.6 hours Start 2026.07.06 @ 19:46:39 End 2026.07.07 @ 21:10:26 Sessions 10 Manual Loads 0 Difficulty Rogue Special Mode None Game No. 372 Rogue 372 Adventurer 0 Explorer 0 Win Type - Total 2 Types 2/0/0/0/0/0/0/0/0/0 Lore% 66 Gallery% 61 Achievement% 49 Wizard Run 0 Options --------- Layout 2 ASCII 0 Keyboard 1 Movement Numpad Keybinds 0 Fullscreen 1 Font 20/SmallcapsGlow Map View 64x51 Zoom Use 0% Tactical HUD 1 Map Filters NONE Filters NONE Steam 1 RUN: b184b186-6325-45cf-a8c7-8210c0b070a8